 Dungeon Crawl Stone Soup version 0.27.1-33-g824d729ab1 (webtiles) character file.

Game seed: 16475842147144315847

881 DenSaoPin the Cleaver (level 7, -5/57 HPs)
             Began as a Minotaur Fighter on Nov 28, 2021.
             Was an Initiate of Okawaru.
             Slain by Menkaure (20 damage)
             ... on level 5 of the Dungeon on Nov 29, 2021.
             The game lasted 00:08:33 (2722 turns).

DenSaoPin the Cleaver (Minotaur Fighter)            Turns: 2722, Time: 00:08:33

Health: -5/57      AC: 11    Str: 23    XL:     7   Next: 75%
Magic:  8/8        EV:  5    Int:  5    God:    Okawaru [......]
Gold:   184        SH:  9    Dex:  9    Spells: 6/6 levels left

rFire    . . .     SeeInvis .   a - +0 war axe
rCold    . . .     Faith    .   c - +0 kite shield
rNeg     . . .     Spirit   .   z - +0 plate armour
rPois    .         Reflect  .   (helmet restricted)
rElec    .         Harm     .   (no cloak)
rCorr    .         Rampage  .   (no gloves)
Will     .....                  (no boots)
Stlth    ..........             j - amulet of regeneration
HPRegen  1.19/turn              (no ring)
MPRegen  0.11/turn              (no ring)

@: no status effects
A: horns 2, retaliatory headbutt
a: Renounce Religion


You were on level 5 of the Dungeon.
You worshipped Okawaru.
Okawaru was noncommittal.
You visited 2 branches of the dungeon, and saw 6 of its levels.

You collected 184 gold pieces.

Inventory:

Hand Weapons
 a - a +0 war axe (weapon)
 r - a +2 hunting sling of freezing
Missiles
 g - 115 stones (quivered)
 h - 2 large rocks
 i - 10 arrows
 m - 9 boomerangs
Armour
 b - a +0 scale mail
 c - a +0 kite shield (worn)
 z - a +0 plate armour (worn)
Magical Staves
 C - a staff of poison
Jewellery
 j - an amulet of regeneration (around neck)
 p - a ring of resist corrosion
Wands
 s - a wand of charming (7)
 t - a wand of flame (7)
 y - a wand of polymorph (10)
Scrolls
 e - a scroll of holy word {unknown}
 f - 2 scrolls of identify {unknown}
 l - 2 scrolls of vulnerability {unknown}
 q - 2 scrolls of immolation {unknown}
 u - a scroll of noise {unknown}
 w - a scroll of fog {unknown}
 x - 2 scrolls of teleportation {unknown}
 A - a scroll of summoning {unknown}
 B - a scroll of amnesia {unknown}
Potions
 d - 2 potions of might
 k - 2 potions of lignification {unknown}
 n - a potion of curing
 o - 3 potions of magic {unknown}
 v - a potion of haste {unknown}
 D - a potion of flight {unknown}


   Skills:
 - Level 3.6 Fighting
 - Level 9.1 Axes
 - Level 3.6 Armour
 - Level 3.0 Dodging
 - Level 0.1 Stealth
 - Level 3.6 Shields
 + Level 3.6 Invocations


You had 6 spell levels left.
You didn't know any spells.
Your spell library contained the following spells:

 Spells                   Type           Power      Damage    Failure   Level
 Corona                   Hex            0%         N/A       100%        1
 Freeze                   Ice            0%         1d3       100%        1
 Ensorcelled Hibernation  Hex/Ice        0%         N/A       100%        2
 Sublimation of Blood     Necr           0%         N/A       100%        2
 Wereblood                Tmut           0%         N/A       100%        2
 Frozen Ramparts          Ice            0%         1d2       100%        3
 Tukima's Dance           Hex            0%         N/A       100%        3
 Hailstorm                Conj/Ice       0%         3d3       100%        4
 Summon Hydra             Summ           0%         N/A       100%        7


Dungeon Overview and Level Annotations

Branches:
Dungeon (5/15)             Temple (1/1) D:5

Altars:
Ashenzari
Cheibriados
Elyvilon
Gozag
Hepliaklqana
Kikubaaqudgha
Makhleb
Nemelex Xobeh
Okawaru
Qazlal
Ru
Trog
Vehumet
Wu Jian
Xom
The Shining One

Shops:
D:5 *

Annotations:
D:5 Menkaure


Innate Abilities, Weirdness & Mutations

You have a pair of horns on your head.
You reflexively headbutt those who attack you in melee.


Message History

Duvessa hits you with a +0 rapier!
* * * LOW HITPOINT WARNING * * *
Duvessa hits you with a +0 rapier.
* * * LOW HITPOINT WARNING * * *
Duvessa hits you but does no damage.
Duvessa rages.
Duvessa hits you but does no damage. Duvessa hits you with a +0 rapier.
* * * LOW HITPOINT WARNING * * *
You slash Duvessa!
Duvessa is almost dead.
Duvessa hits you with a +0 rapier.
* * * LOW HITPOINT WARNING * * *
You block Duvessa's attack.
You hit Duvessa.
You kill Duvessa!
Okawaru is honoured by your kill.
Your Invocations skill increases to level 3!
Things that are here:
a +0 rapier; a +0 scale mail; the elf corpse of Duvessa HP restored.
There is a stone staircase leading down here.
Found a murky dark potion.
D - a murky dark potion Menkaure, Prince of Dust comes into view.
Menkaure shouts!
Menkaure casts a spell.
Menkaure seems to speed up.
You slash Menkaure!
Menkaure is moderately damaged.
Menkaure hits you.
Menkaure calls on the powers of darkness!
Your body is wracked with pain!
You hit Menkaure but do no damage. Your headbutt misses Menkaure.
Menkaure is moderately damaged.
Menkaure hits you!
* * * LOW HITPOINT WARNING * * *
Menkaure shouts, "The sands of time shall wipe you from history!"
Menkaure hits you!!
You die...

#####
###....#############
.......M@..........#
###....###########.##
#.... #..# #....
####.## #.... #.....#
##### #.....#
#.....## #......#
#....#.#


You could see Menkaure (fast).

Vanquished Creatures
  Eustachio (D:4)
  Duvessa (D:5)
  A black bear (D:4)
  A sky beast (D:5)
  A phantom (D:4)
  Dowan (D:5)
  A hound (D:4)
  Ijyb (D:4)
  3 iguanas (D:4)
  2 hound skeletons (D:4)
  Robin (D:2)
  4 gnolls (D:3)
  4 adders
  A white imp (D:5)
  2 worms
  2 dart slugs
  4 orcs (D:3)
  3 ball pythons
  9 endoplasms
  2 giant cockroaches
  12 goblins
  7 hobgoblins
  2 jackals (D:3)
  2 kobolds
  4 quokkas
  8 bats
  3 frilled lizards
  4 rats
87 creatures vanquished.

Vanquished Creatures (others)
  A fungus (D:2)
  4 plants (D:2)
5 creatures vanquished.

Grand Total: 92 creatures vanquished

Notes
Turn   | Place    | Note
-------+----------+-------------------------------------------
     0 | D:1      | DenSaoPin the Minotaur Fighter began the quest for the Orb.
     0 | D:1      | Reached XP level 1. HP: 19/19 MP: 0/0
    39 | D:1      | Reached skill level 3 in Axes
   123 | D:1      | You fall into a shaft and drop 1 floor!
   126 | D:2      | Reached XP level 2. HP: 26/26 MP: 1/1
   147 | D:2      | Noticed Robin
   150 | D:2      | Killed Robin
   151 | D:2      | Reached skill level 4 in Axes
   151 | D:2      | Reached XP level 3. HP: 25/31 MP: 2/2
   498 | D:2      | Found a faded altar of an unknown god.
   567 | D:2      | Reached skill level 5 in Axes
  1188 | D:3      | Reached XP level 4. HP: 39/39 MP: 3/3
  1475 | D:3      | Reached skill level 1 in Dodging
  1479 | D:3      | Reached skill level 6 in Axes
  1479 | D:3      | Reached XP level 5. HP: 33/45 MP: 4/4
  1868 | D:4      | Noticed Ijyb
  1919 | D:4      | Killed Ijyb
  1981 | D:4      | Reached skill level 7 in Axes
  1985 | D:4      | Noticed a phantom
  1995 | D:4      | Reached XP level 6. HP: 36/51 MP: 5/5
  2041 | D:4      | Noticed Eustachio
  2051 | D:4      | Killed Eustachio
  2052 | D:4      | Reached skill level 8 in Axes
  2101 | D:4      | Reached XP level 7. HP: 47/57 MP: 6/6
  2186 | D:4      | Reached skill level 9 in Axes
  2382 | D:5      | Entered Level 5 of the Dungeon
  2437 | D:5      | Found a staircase to the Ecumenical Temple.
  2450 | D:5      | Found Coate's Assorted Antiques.
  2474 | Temple   | Entered the Ecumenical Temple
  2480 | Temple   | Became a worshipper of Warmaster Okawaru
  2627 | D:5      | Noticed Dowan
  2633 | D:5      | Killed Dowan
  2633 | D:5      | Noticed Duvessa
  2654 | D:5      | Killed Duvessa
  2718 | D:5      | Noticed Menkaure
  2722 | D:5      | Slain by Menkaure

Illustrated notes

Levels and vault maps discovered:
D:1:      pf_arrival_petrified_forest, layout_basic
D:2:      minmay_inner_zag, layout_basic, dreamdust_ecumenical_altar_grove,
          uniq_robin
D:3:      layout_loops_cross
D:4:      layout_rooms, uniq_eustachio, uniq_ijyb
D:5:      layout_basic, minmay_temple_entry_mist, serial_shops, shop,
          uniq_menkaure, uniq_duvessa
Temple:   dpeg_three_leaves_temple

Skill      XL: |  1  2  3  4  5  6  7 |
---------------+----------------------+-----
Axes           | 3 4 5 6 7 8 9 |  9.1
Dodging        | 1 2 3 |  3.0
Invocations    | 3 |  3.6
Fighting       | |  3.6
Armour         | |  3.6
Stealth        | |  0.1
Shields        | |  3.6

Action                   |  1- 3 |  4- 6 |  7- 9 || total
-------------------------+-------+-------+-------++-------
Melee: War axe           |    69 |   135 |    35 ||   239
       Headbutt          |     8 |    15 |     6 ||    29
Armor: Scale mail        |    29 |    39 |     8 ||    76
       Plate armour      |       |       |    12 ||    12
Dodge: Dodged            |    17 |    38 |     4 ||    59
Block: Kite shield       |    37 |    77 |    21 ||   135
